 Dungeon Crawl Stone Soup version 0.31-a0-354-g827e0957a7 (webtiles) character file.

Game seed: 12735339437889665820

366908 Flugkiller the Brawler (level 20, -5/211 (214) HPs)
             Began as a Demigod Shapeshifter on July 23, 2023.
             Killed by divine providence
             ... invoked by a sphinx
              (10 damage)
             ... on level 5 of the Vaults.
             The game lasted 00:51:24 (41942 turns).

Flugkiller the Brawler (Demigod Shapeshifter)      Turns: 41942, Time: 00:51:24

HP:   -5/211 (214)  AC: 41    Str: 32    XL:     20   Next: 72%
MP:   0/24          EV: 24    Int: 10    God:
Gold: 3430          SH: 29    Dex: 22    Spells: 19/19 levels left

rFire   . .          .
                       - Unarmed
rCold   + . .        k - +8 tower shield
rNeg    + . .        (body armour currently unavailable)
rPois   ∞            (helmet restricted)
rElec   +            E - +1 cloak of Gluttony {rC+ Regen+}
rCorr   .            (gloves currently unavailable)
SInv    .            (boots currently unavailable)
Will    ++...        c - amulet of guardian spirit
Stlth   ++           a - +4 ring of protection
HPRegen 1.35/turn    p - +4 ring of protection
MPRegen 0.19/turn

%: guardian spirit
@: statue-form, studying Ice Magic, lightly drained, very slow
A: slow and powerful, torment resistance 1, boosted hp, high MP 1, forlorn,
divine attributes, horns 1, talons 1, frail 1
}: 2/15 runes: decaying, serpentine
a: Begin Untransformation


You were on level 5 of the Vaults.
You were a living statue of rough stone.
You visited 6 branches of the dungeon, and saw 35 of its levels.
You visited the Abyss 1 time.
You also visited: Ossuary, Bailey and Ice Cave.

You collected 5118 gold pieces.
You spent 1688 gold pieces at shops.

Inventory:

Hand Weapons
 J - the +4 spear of True Grit {elec, rCorr}
   (You found it on level 4 of the Vaults)

   rCorr:     It protects you from acid and corrosion.
Missiles
 i - 3 throwing nets
 m - 14 curare-tipped darts
Armour
 b - a +1 helmet
   (You took it off Robin on level 2 of the Dungeon)
 k - a +8 tower shield (worn)
   (You found it on level 1 of the Dungeon)
 E - the +1 cloak of Gluttony (worn) {rC+ Regen+}
   (You found it on level 2 of the Vaults)

   rC:        It protects you from cold.
   Regen:     It increases your rate of health regeneration.
Jewellery
 a - a +4 ring of protection (left fist)
   (You found it on level 6 of the Dungeon)
 c - an amulet of guardian spirit (around neck)
   (You found it on level 2 of the Dungeon)
 f - a ring of protection from fire
   (You found it on level 13 of the Dungeon)
 p - a +4 ring of protection (right fist)
   (You found it on level 5 of the Dungeon)
 F - an amulet of magic regeneration
   (You took it off an ironbound preserver on level 3 of the Vaults)
Wands
 g - a wand of charming (18)
   (You found it on level 10 of the Dungeon)
 r - a wand of mindburst (35)
   (You took it off a naga on level 4 of the Snake Pit)
 y - a wand of flame (71)
   (You found it on level 5 of the Dungeon)
 C - a wand of digging (6)
   (You found it on level 1 of the Vaults)
 O - a wand of roots (20)
   (You found it on level 11 of the Dungeon)
 U - a wand of acid (18)
   (You took it off Maurice on level 12 of the Dungeon)
Scrolls
 e - 2 scrolls of fear
 j - 3 scrolls of vulnerability
 s - 5 scrolls of immolation
 t - 2 scrolls of teleportation
 u - 2 scrolls of torment
 z - 6 scrolls of blinking
 A - a scroll of silence
 B - 10 scrolls of revelation
 M - 5 scrolls of fog
 Q - 4 scrolls of poison
 R - a scroll of butterflies
Potions
 d - 2 potions of might
 h - 11 potions of haste
 l - a potion of cancellation
 n - 2 potions of resistance
 o - 7 potions of enlightenment
 q - 16 potions of curing
 v - 2 potions of mutation
 w - a potion of heal wounds
 x - 6 potions of attraction
 D - 4 potions of magic
 G - 4 potions of ambrosia
 I - a potion of invisibility
 K - 6 potions of berserk rage
 V - 6 potions of lignification
Miscellaneous
 H - a condenser vane
   (You found it on level 3 of the Lair of Beasts)
 N - a box of beasts
   (You found it on level 11 of the Dungeon)
 P - a phial of floods
   (You found it on level 3 of the Lair of Beasts)
 T - a phantom mirror
   (You found it on level 5 of the Lair of Beasts)
 Y - a lightning rod (4/4)
   (You found it on level 14 of the Dungeon)


   Skills:
 - Level 17.0 Fighting
 - Level 16.0 Dodging
 + Level 15.2 Shields
 - Level 20.0 Unarmed Combat
 - Level 10.0 Evocations
 - Level 15.0 Shapeshifting


You had 19 spell levels left.
You didn't know any spells.
Your spell library contained the following spells:

 Spells                   Type           Power      Damage    Failure   Level
 Apportation              Tloc           0%         N/A       58%         1
 Freeze                   Ice            0%         1d3       58%         1
 Magic Dart               Conj           0%         1d3       58%         1
 Necrotise                Necr           0%         1d4       58%         1
 Shock                    Conj/Air       0%         1d3       58%         1
 Sting                    Tmut/Pois      0%         1d3       58%         1
 Summon Small Mammal      Summ           0%         N/A       58%         1
 Blink                    Tloc           0%         N/A       75%         2
 Ensorcelled Hibernation  Hex/Ice        0%         N/A       75%         2
 Poisonous Vapours        Pois/Air       0%         N/A       75%         2
 Scorch                   Fire           0%         2d5       75%         2
 Searing Ray              Conj           0%         2d4       75%         2
 Call Canine Familiar     Summ           0%         N/A       92%         3
 Dazzling Flash           Conj/Hex       0%         N/A       92%         3
 Frozen Ramparts          Ice            0%         1d1       92%         3
 Hailstorm                Conj/Ice       0%         3d3       92%         3
 Portal Projectile        Hex/Tloc       0%         N/A       92%         3
 Summon Guardian Golem    Hex/Summ       0%         N/A       92%         3
 Swiftness                Air            0%         N/A       92%         3
 Vampiric Draining        Necr           0%         2d6       92%         3
 Volatile Blastmotes      Fire/Tloc      0%         2d10      92%         3
 Airstrike                Air            0%         2d(0-16)  100%        4
 Anguish                  Hex/Necr       0%         N/A       100%        4
 Cause Fear               Hex            0%         N/A       100%        4
 Flame Wave               Conj/Fire      0%         2d4       100%        4
 Fulminant Prism          Conj/Hex       0%         3d5       100%        4
 Leda's Liquefaction      Hex/Erth       0%         N/A       100%        4
 Manifold Assault         Tloc           0%         N/A       100%        4
 Olgreb's Toxic Radiance  Pois           0%         N/A       100%        4
 Passage of Golubria      Tloc           0%         N/A       100%        4
 Summon Ice Beast         Ice/Summ       0%         N/A       100%        4
 Agony                    Necr           0%         N/A       100%        5
 Fireball                 Conj/Fire      0%         3d3       100%        5
 Iskenderun's Battlesphe  Conj           0%         2d6       100%        5
 Lee's Rapid Deconstruct  Erth           0%         3d4*      100%        5
 Metabolic Englaciation   Hex/Ice        0%         N/A       100%        5
 Silence                  Hex/Air        0%         N/A       100%        5
 Conjure Ball Lightning   Conj/Air       0%         3x3d6     100%        6
 Leda's Unmaking          Conj/Erth      0%         9d1       100%        6
 Simulacrum               Ice/Necr       0%         N/A       100%        6
 Starburst                Conj/Fire      0%         6d3       100%        6
 Summon Cactus Giant      Summ           0%         N/A       100%        6
 Ozocubu's Refrigeration  Ice            0%         4d7       100%        7
 Spellforged Servitor     Conj/Summ      0%         N/A       100%        7
 Discord                  Hex            0%         N/A       100%        8
 Disjunction              Tloc           0%         N/A       100%        8
 Ignition                 Fire           0%         3d3       100%        8
 Lehudib's Crystal Spear  Conj/Erth      0%         10d2      100%        8
 Maxwell's Capacitive Co  Air            0%         ∞         100%        8
 Dragon's Call            Summ           0%         N/A       100%        9


Dungeon Overview and Level Annotations

Branches:
Dungeon (15/15) Zot: 25326  Temple (0/1) D:4            Lair (5/5) D:10 Zot: 22990
  Swamp (4/4) Lair:2 Zot: 17596   Snake (4/4) Lair:2 Zot: 17876   Slime (0/5) Lair:5
    Orc (2/2) D:10 Zot: 9353     Elf (0/3) Orc:2        Vaults (5/5) D:13 Zot: 22787
  Crypt (0/3) Vaults:2     Depths (0/4) D:15        Ossuary (visited)
 Bailey (visited)           IceCv (visited)

Shops:
D:8 !   D:10 (   Orc:2 [([:*   Snake:3 (*   Vaults:2 [

Annotations:
D:8 2 transporters, exclusion: ice statue, FlatIsJustice's ghost, novice DEFE
Swamp:2 2 transporters, Aldia's ghost, adept TrCK
Swamp:4 exclusion: oklob plant
Vaults:5 Sojobo


Innate Abilities, Weirdness & Mutations

You are a living statue of rough stone.
Your actions are slow, but your melee attacks are powerful.
You are resistant to unholy torment.
Your maximum health is greatly increased.
Your equipment is partially melded.
You are immune to poison.
You have an increased reservoir of magic. (+10% MP)
You shall have no god before yourself.
Your divine heritage dramatically boosts your attributes as you level up.
You have a pair of small horns on your head.
You have sharp toenails.
You are frail. (-10% HP)


Message History

The tengu reaver pecks you but does no damage.
You block the tengu reaver's attack. The storm dragon completely misses you.
You block the storm dragon's attack. The storm dragon misses you.
You block the phantasmal warrior's attack.
The quicksilver dragon closely misses you.
The quicksilver dragon claws you but does no damage.
You squash the quicksilver dragon like an ant!!!
You claw the quicksilver dragon, but do no damage.
You headbutt the quicksilver dragon.
The quicksilver dragon is severely wounded.
You hear a shout!
You hear a deafening roar!
You hear a shout!
The quicksilver dragon completely misses you.
You block the quicksilver dragon's attack.
You block the tengu reaver's attack. The tengu reaver completely misses you.
You block the tengu reaver's attack. You block the storm dragon's attack.
The storm dragon barely misses you. The storm dragon misses you.
The phantasmal warrior completely misses you.
The deep troll earth mage barely misses you.
The deep troll earth mage closely misses you.
The deep troll earth mage completely misses you.
You pummel the quicksilver dragon!! You claw the quicksilver dragon.
You headbutt the quicksilver dragon, but do no damage.
The quicksilver dragon is almost dead.
The quicksilver dragon breathes dispelling energy at you.
The bolt of dispelling energy misses you.
The storm dragon breathes lightning at you.
The bolt of lightning misses you.
The tengu reaver hits you but does no damage.
You block the tengu reaver's attack. The tengu reaver completely misses you.
You block the deep troll's attack. The deep troll misses you.
You block the deep troll's attack.
The phantasmal warrior hits you but does no damage.
The deep troll earth mage completely misses you. x2
The deep troll earth mage closely misses you.
The quicksilver dragon breathes dispelling energy at you.
The bolt of dispelling energy misses you.
You hear a screech!
You hear a shout!
You hear a roar!
You hear a shout! x3
You barely miss the quicksilver dragon.
Your kick misses the quicksilver dragon.
The quicksilver dragon is almost dead.
You hear a screech!
The storm dragon closely misses you.
The storm dragon claws you but does no damage.
The storm dragon barely misses you.
A storm dragon comes into view.
You block the quicksilver dragon's attack.
The quicksilver dragon closely misses you.
The tengu reaver hits you but does no damage.
You block the tengu reaver's attack. x2
You block the phantasmal warrior's attack.
The deep troll misses you. The deep troll claws you!
* * * LOW HITPOINT WARNING * * *
The deep troll misses you.
You block the deep troll earth mage's attack.
The deep troll earth mage claws you but does no damage.
The deep troll earth mage completely misses you.
The storm dragon closely misses you. The storm dragon completely misses you.
The storm dragon barely misses you.
The quicksilver dragon closely misses you.
You block the quicksilver dragon's attack.
You hear a shout!
You hit the quicksilver dragon.
You claw the quicksilver dragon, but do no damage.
The quicksilver dragon is almost dead.
Your surroundings seem slightly different.
A deep elf high priest, an ironbound preserver and a glowing orange brain come into view.
The ironbound preserver shouts!
The glowing orange brain turns its attention towards you.
The deep elf high priest shouts!
The tengu reaver gestures at you while chanting.
The bolt of negative energy hits you! You partially resist.
You feel drained.
* * * LOW HITPOINT WARNING * * *
The deep troll earth mage points at you and mumbles some strange words.
You shatter!!!
* * * LOW HITPOINT WARNING * * *
You hear a shout! x4
Unknown command.
Unknown command.
Unknown command.
Unknown command.
Blink to where?
Press: ? - help, Dir - move target A stone giant and a shining eye come into view.
Found five items.
As you read the scroll of blinking, it crumbles to dust.
The stone giant shouts!
The sphinx shouts! x2; The stone giant shouts!
The vault guard shouts! x3; The ironbound preserver shouts!
The ironbound convoker shouts!
You hear a shout!
The shining eye changes into a dream sheep!
The storm dragon breathes lightning at you.
The bolt of lightning hits you. You resist.
* * * LOW HITPOINT WARNING * * *
The stone giant throws a large rock.
You block the large rock.
The deep elf high priest starts to sing a prayer.
The deep elf high priest utters a dark prayer and points at you.
Your life force is offered up.
* * * LOW HITPOINT WARNING * * *
The sphinx mumbles some strange words.
Something smites you!
You die...

#.)#........
#.§).......#.....
#..D#.....#.)....
#.H#.....#.$|....
#..D....#.....:..
#......#.........
.......G...).../..).
...##.e............# ...
u#p.p...8.....# ..
.pC#.H..p.....#..
#....#pYp#.C..........
#....#.p.p#...........
#.......DC.#.......... H
#....#.HpC..#........#
..#......p.....#........
..p.HiHH........#.......
#.mpWCDC..#.#


You could see a shadow dragon, 2 ironbound preservers, 2 storm dragons, 2
sphinxes, 4 stone giants, 3 vault wardens, 2 vault guards, a glowing orange
brain, a deep elf high priest, an ironbound convoker, a harpy (wandering) and a
dream sheep shaped shifter.

Vanquished Creatures
  A dread lich (Vaults:4)
  Margery (Vaults:3)
  Saint Roka (Orc:2)
  Vashnia (Snake:2)
  Frederick (Vaults:4)
  A golden dragon (Vaults:4)
  2 bone dragons (Abyss:3)
  Nikola (Swamp:3)
  The ghost of hackum the Brawler, an adept TrFi of the Shining One (Swamp:4)
  Jorgrun (Snake:2)
  A Hell Sentinel (Abyss:3)
  3 tentacled monstrosities
  A quicksilver dragon (Vaults:4)
  An Executioner (Abyss:3)
  8 tentacled starspawn (Abyss:3)
  3 sphinxes
  2 tengu reavers (Vaults:4)
  A thorn hunter (Swamp:4)
  A storm dragon (Vaults:5)
  6 nagarajas (Snake:4)
  A fenstrider witch (Swamp:3)
  An azure jelly (IceCv)
  A frost giant (Vaults:5)
  16 vault wardens
  A ghost moth (Vaults:1)
  18 ironbound preservers
  2 orc warlords
  3 very ugly things
  4 quicksilver oozes (IceCv)
  2 war gargoyles
  3 formless jellyfish
  2 vampire knights (Swamp:4)
  A stone giant (Vaults:5)
  2 deep elf demonologists (Vaults:5)
  Nessos (D:13)
  5 eleionomae
  11 ironbound thunderhulks
  A purple draconian (Abyss:3)
  16 dire elephants
  2 yellow draconians (Abyss:3)
  3 bunyips
  Snorg (D:12)
  An ettin (Vaults:4)
  2 fire dragons
  An ettin (shapeshifter) (D:14)
  A blizzard demon (Abyss:3)
  11 yaktaur captains
  4 shambling mangroves (Swamp:4)
  Josephine (D:12)
  5 great orbs of eyes
  3 entropy weavers
  18 hydras
  28 vault guards
  Erolcha (D:13)
  A rakshasa (Abyss:3)
  3 salamander tyrants
  3 catoblepae
  3 ogre magi
  2 ghost crabs
  6 anacondas
  Erica (Lair:1)
  4 boulder beetles
  21 centaur warriors
  7 ironbound frosthearts
  A death knight (D:14)
  A two-headed ogre (shapeshifter) (Vaults:4)
  3 alligators (Swamp:3)
  3 two-headed ogres
  A deep troll earth mage (Vaults:1)
  4 death yaks (Lair:5)
  18 naga warriors
  18 naga sharpshooters
  An orc high priest (Orc:1)
  6 shock serpents
  3 thrashing horrors (Abyss:3)
  A tengu warrior (D:14)
  Nergalle (D:12)
  3 hell knights (Vaults:3)
  4 skysharks
  3 skeletal warriors
  2 wretched stars (Abyss:3)
  11 sea snakes
  7 goliath frogs
  2 salamander mystics
  An orb spider (Abyss:3)
  38 deep trolls
  Lodul (D:13)
  3 flayed ghosts
  5 bog bodies
  6 naga ritualists
  2 golden dragon zombies (D:15)
  5 swamp dragons
  A glowing orange brain (Abyss:3)
  9 spriggan druids
  Pikel (D:6)
  A sphinx zombie (D:15)
  6 wizards
  16 lindwurms
  4 spectral hydras (Swamp:4)
  3 harpies
  2 deep elf pyromancers (D:14)
  5 necromancers
  11 ironbound convokers
  2 phantasmal warriors
  9 mana vipers
  2 orc knights (Orc:2)
  A fire giant zombie (D:15)
  8 cyclopes
  A cyclops (shapeshifter) (Vaults:4)
  2 orc sorcerers
  A wolf spider (D:14)
  5 manticores
  12 ugly things
  8 will-o-the-wisps
  18 salamanders
  A moth of wrath (Swamp:2)
  A stone giant zombie (Vaults:4)
  A worldbinder (Abyss:3)
  Maurice (D:12)
  18 vault sentinels
  14 elephants
  29 black mambas
  11 guardian serpents
  16 naga magi
  2 orange demons (Abyss:3)
  2 water nymphs (Swamp:2)
  6 smoke demons (Abyss:3)
  6 torpor snails (Lair:5)
  2 ice statues (IceCv)
  9 cane toads
  A gargoyle (D:14)
  An unseen horror (D:12)
  4 rime drakes
  A kobold demonologist (D:14)
  24 yaktaurs
  A tengu conjurer (D:10)
  2 efreet (D:14)
  5 freezing wraiths
  A hydra zombie (Swamp:4)
  4 ancient zymes (Abyss:3)
  7 komodo dragons
  11 trolls
  12 tyrant leeches
  4 hellwings (Abyss:3)
  A polar bear (Lair:4)
  24 hornets
  A polar bear (shapeshifter) (D:14)
  12 blink frogs
  A death drake skeleton (Swamp:4)
  3 death drake zombies (Swamp:4)
  2 hydra skeletons (Swamp:4)
  3 dream sheep (Lair:5)
  Grinder (D:6)
  14 raiju (Abyss:3)
  41 slime creatures
  7 flying skulls (Abyss:3)
  3 centaur simulacra
  2 vampires (D:12)
  5 wraiths
  8 wyverns
  A ynoxinul (Abyss:3)
  Sigmund (D:6)
  A shadow (D:13)
  7 spriggans
  Eustachio (D:5)
  8 basilisks
  8 large abominations (Abyss:3)
  40 yaks
  13 vampire mosquitoes
  4 neqoxecs (Abyss:3)
  A steam dragon (D:10)
  An unseen horror simulacrum (D:10)
  A death yak simulacrum (Lair:1)
  2 chaos spawn (Abyss:3)
  A warg (Orc:2)
  63 nagas
  2 redbacks (Vaults:1)
  8 small abominations (Abyss:3)
  2 acid dragons
  15 swamp worms
  8 water moccasins
  4 hell hounds (Abyss:3)
  Duvessa (D:6)
  2 hydra simulacra (Swamp:4)
  An ogre skeleton (Vaults:4)
  2 swamp drakes (Swamp:4)
  A sky beast (D:7)
  4 black bears
  A great orb of eyes simulacrum (IceCv)
  50 orc warriors
  2 ettin simulacra (Vaults:4)
  17 ogres
  26 starcursed masses (Abyss:3)
  A swamp dragon zombie (Swamp:4)
  A swamp dragon skeleton (Swamp:4)
  9 centaurs
  16 wolves
  A lemure (D:6)
  3 slime creature simulacra (IceCv)
  A human zombie (Vaults:4)
  11 bullfrogs
  A gnoll sergeant (D:11)
  5 scorpions
  5 water moccasin zombies (Ossuary)
  3 glowing shapeshifter simulacra (IceCv)
  5 wights (D:9)
  Dowan (D:5)
  A killer bee (D:8)
  6 howler monkeys
  4 electric eels
  A crimson imp (D:8)
  3 jellies
  3 quasits (Abyss:3)
  17 orc priests
  2 gnoll boudas
  6 hounds
  5 iron imps (Abyss:3)
  A sleepcap (D:7)
  2 iguanas
  21 orc wizards
  6 hell rats (Lair:2)
  2 shapeshifter simulacra (IceCv)
  2 mummies (Ossuary)
  Robin (D:2)
  26 gnolls
  4 adders
  3 white imps
  An ufetubus (Abyss:3)
  6 adder zombies (Ossuary)
  6 worms
  A dart slug (D:1)
  95 orcs
  4 ball pythons
  3 endoplasms
  2 giant cockroaches
  2 gnoll zombies (Ossuary)
  14 hobgoblins
  4 jackals (D:1)
  5 kobolds
  7 quokkas
  5 bats
  7 frilled lizards
  37 goblins
  5 hobgoblin zombies (Ossuary)
  2 kobold zombies (Ossuary)
  5 orc zombies (Ossuary)
  3 rats (D:2)
  A spectral goblin (D:1)
  4 starspawn tentacles (Abyss:3)
1566 creatures vanquished.

Vanquished Creatures (others)
  A two-headed ogre (D:10)
  An orc high priest (Orc:2)
  A wizard (D:14)
  A black mamba (Snake:2)
  2 freezing wraiths
  A bloated husk (Swamp:2)
  A tyrant leech (Swamp:3)
  A naga (Snake:2)
  2 swamp drakes (Swamp:4)
  2 orc wizards (Orc:2)
  44 foxfires
  A lurking horror (Abyss:3)
  20 starspawn tentacles (Abyss:3)
78 creatures vanquished.

Grand Total: 1644 creatures vanquished

Notes
Turn   | Place    | Note
-------+----------+-------------------------------------------
     0 | D:1      | Flugkiller the Demigod Shapeshifter began the quest for the
                  | Orb.
     0 | D:1      | Reached XP level 1. HP: 15/15 MP: 3/3
    19 | D:1      | Reached skill level 1 in Fighting
   169 | D:1      | Reached skill level 3 in Unarmed Combat
   247 | D:1      | Reached XP level 2. HP: 18/23 MP: 4/4
   898 | D:2      | Noticed Robin
   920 | D:2      | Reached XP level 3. HP: 30/30 MP: 5/5
  1066 | D:2      | Killed Robin
  1311 | D:2      | Identified the +1 ring mail of Fun and Games {Str+4}
  1453 | D:2      | Reached XP level 4. HP: 38/38 MP: 6/6
  2639 | D:4      | Reached skill level 4 in Unarmed Combat
  2639 | D:4      | Reached XP level 5. HP: 14/45 MP: 5/7
  2857 | D:4      | Found a staircase to the Ecumenical Temple.
  2947 | D:4      | Reached skill level 5 in Unarmed Combat
  3107 | D:4      | Reached XP level 6. HP: 50/51 MP: 8/8
  3698 | D:5      | Entered Level 5 of the Dungeon
  4121 | D:5      | Identified a scroll of acquirement
  4380 | D:5      | Reached XP level 7. HP: 57/57 MP: 9/9
  4448 | D:5      | Reached skill level 5 in Shapeshifting
  4821 | D:6      | Noticed Pikel
  4864 | D:6      | Killed Pikel
  4865 | D:6      | Reached skill level 5 in Fighting
  4865 | D:6      | Reached XP level 8. HP: 17/68 MP: 4/10
  5025 | D:6      | Noticed Grinder
  5040 | D:6      | Paralysed by Grinder for 4 turns
  5140 | D:6      | Paralysed by Grinder for 3 turns
  5143 | D:6      | Killed Grinder
  5302 | D:6      | Noticed Sigmund
  5311 | D:6      | Killed Sigmund
  5347 | D:6      | Reached skill level 6 in Unarmed Combat
  5461 | D:6      | Noticed Duvessa
  5461 | D:6      | Noticed Dowan
  5462 | D:6      | Noticed Eustachio
  5469 | D:6      | Killed Duvessa
  5596 | D:5      | Killed Dowan
  5640 | D:5      | Killed Eustachio
  5988 | D:6      | Acquired 593 gold pieces
  6117 | D:7      | Reached XP level 9. HP: 74/78 MP: 11/11
  6635 | D:7      | Identified the +6 hand axe of Fragile Peace {heavy, rElec
                  | rPois}
  7295 | D:8      | Reached skill level 7 in Unarmed Combat
  7490 | D:8      | Noticed an ice statue
  7494 | D:8      | Noticed a cyan ugly thing
  7494 | D:8      | Noticed a purple ugly thing
  7552 | D:8      | Found Iromid's Distillery.
  7588 | D:8      | Found a transporter.
  7596 | D:8      | Found a transporter.
  7695 | D:8      | Found a sand-covered staircase.
  7699 | Ossuary  | Entered an ossuary
  8053 | D:8      | Noticed FlatIsJustice's ghost (novice DEFE)
  8191 | D:8      | Reached XP level 10. HP: 81/88 MP: 11/13
  8194 | D:8      | Bought a potion of invisibility for 104 gold pieces
  8613 | D:8      | Reached skill level 8 in Unarmed Combat
  8638 | D:9      | Noticed a boulder beetle
  8682 | D:8      | Killed a boulder beetle
  8868 | D:9      | Found a flagged portal.
  8876 | Bailey   | Entered a bailey
  9537 | Bailey   | Noticed an orc warlord
  9617 | Bailey   | Killed an orc warlord
  9618 | Bailey   | Reached skill level 9 in Unarmed Combat
  9654 | Bailey   | Reached skill level 10 in Unarmed Combat
  9654 | Bailey   | Reached XP level 11. HP: 79/97 MP: 14/14
 10303 | D:10     | Entered Level 10 of the Dungeon
 10322 | D:10     | Noticed a centaur warrior
 10333 | D:10     | Killed a centaur warrior
 10338 | D:10     | Reached skill level 10 in Fighting
 10502 | D:10     | Killed a two-headed ogre
 10529 | D:10     | Reached XP level 12. HP: 91/106 MP: 12/15
 10595 | D:10     | Found Alamarr's Antique Weapon Shoppe.
 10935 | D:10     | Reached skill level 10 in Shapeshifting
 11387 | D:10     | Reached skill level 5 in Dodging
 11417 | D:10     | Found a staircase to the Lair.
 11596 | D:10     | Found a staircase to the Orcish Mines.
 12682 | Lair:1   | Entered Level 1 of the Lair of Beasts
 12687 | Lair:1   | Found a frozen archway.
 12730 | IceCv    | Entered an ice cave
 12813 | IceCv    | Noticed a quicksilver ooze
 12823 | IceCv    | Killed a quicksilver ooze
 13072 | IceCv    | Noticed a quicksilver ooze
 13094 | IceCv    | Killed a quicksilver ooze
 13444 | IceCv    | Noticed a quicksilver ooze
 13454 | IceCv    | Killed a quicksilver ooze
 13670 | IceCv    | Noticed a quicksilver ooze
 13677 | IceCv    | Killed a quicksilver ooze
 13715 | IceCv    | Noticed an azure jelly
 13734 | IceCv    | Killed an azure jelly
 13842 | IceCv    | Got the Papyrus of Firn
 13968 | IceCv    | Reached skill level 10 in Dodging
 14158 | Lair:1   | Noticed Erica
 14170 | Lair:1   | Killed Erica
 14171 | Lair:1   | Reached XP level 13. HP: 30/113 MP: 5/16
 15433 | Lair:2   | Found a staircase to the Snake Pit.
 15875 | Lair:2   | Found a staircase to the Swamp.
 17982 | Lair:5   | Entered Level 5 of the Lair of Beasts
 17983 | Lair:5   | Found a staircase to the Slime Pits.
 18161 | Lair:5   | Reached XP level 14. HP: 94/121 MP: 13/17
 19799 | Lair:5   | Found a runed translucent door.
 20011 | Lair:5   | Paralysed by a hornet for 2 turns
 20017 | Lair:5   | Paralysed by a hornet for 3 turns
 20401 | Lair:5   | Reached skill level 15 in Shapeshifting
 20877 | D:12     | Noticed Josephine
 20885 | D:12     | Killed Josephine
 21027 | D:12     | Noticed Nergalle
 21037 | D:12     | Killed Nergalle
 21074 | D:12     | Noticed Maurice
 21076 | D:12     | Noticed Snorg
 21086 | D:12     | Killed Maurice
 21095 | D:12     | Killed Snorg
 21832 | D:13     | Found a gate to the Vaults.
 21848 | D:13     | Reached skill level 11 in Unarmed Combat
 21954 | D:13     | Noticed Lodul
 21971 | D:13     | Killed Lodul
 22038 | D:13     | Noticed Nessos
 22049 | D:13     | Killed Nessos
 22133 | D:13     | Noticed Erolcha
 22137 | D:13     | Killed Erolcha
 22450 | D:14     | Reached XP level 15. HP: 128/128 MP: 18/18
 22728 | D:14     | Reached skill level 5 in Shields
 23061 | D:14     | Paralysed by something for 2 turns
 24407 | D:14     | Identified the staff "Watibb" {rC+ rCorr Ice}
 25036 | D:15     | Entered Level 15 of the Dungeon
 25274 | D:15     | Reached skill level 12 in Unarmed Combat
 25295 | D:15     | Found a staircase to the Depths.
 25937 | Orc:1    | Entered Level 1 of the Orcish Mines
 26052 | Orc:1    | Paralysed by an orc sorcerer for 2 turns
 26137 | Orc:2    | Entered Level 2 of the Orcish Mines
 26137 | Orc:2    | Found Mauf Rie's Armour Shoppe.
 26196 | Orc:2    | Found a staircase to the Elven Halls.
 26519 | Orc:2    | Found Loskeuco's Book Shoppe.
 26524 | Orc:2    | Bought a manual of Unarmed Combat for 1360 gold pieces
 26655 | Orc:2    | Found Tanaq's Assorted Antiques.
 27074 | Orc:2    | Noticed Saint Roka
 27362 | Orc:2    | Killed Saint Roka
 27400 | Orc:2    | Found Uzocs's Antique Armour Emporium.
 27402 | Orc:2    | Found Paolath's Antique Weapon Shoppe.
 27421 | Orc:2    | Bought a glowing scarf for 224 gold pieces
 27585 | Orc:1    | Reached skill level 13 in Unarmed Combat
 27844 | Snake:1  | Entered Level 1 of the Snake Pit
 27950 | Snake:1  | Identified the staff "Migralixe" {rElec Int+2 Air}
 28011 | Snake:1  | Identified the +5 shortbow of Conscience {freeze, Drain rN+
                  | rCorr}
 28053 | Snake:1  | Reached XP level 16. HP: 106/141 MP: 14/19
 28552 | Snake:1  | Reached skill level 14 in Unarmed Combat
 28762 | Snake:2  | Noticed Jorgrun
 28774 | Snake:2  | Killed Jorgrun
 29041 | Snake:2  | Noticed Vashnia
 29053 | Snake:2  | Killed Vashnia
 29353 | Snake:3  | Reached skill level 15 in Unarmed Combat
 29695 | Snake:3  | Found Lauz's Assorted Antiques.
 29695 | Snake:3  | Found Soblabro's Weapon Boutique.
 29934 | Snake:3  | Reached skill level 10 in Shields
 30309 | Snake:4  | Entered Level 4 of the Snake Pit
 30756 | Snake:4  | Reached skill level 15 in Fighting
 30888 | Snake:4  | Reached XP level 17. HP: 133/156 MP: 13/20
 31149 | Snake:4  | Got a serpentine rune of Zot
 31263 | Snake:4  | Reached skill level 16 in Unarmed Combat
 31962 | Swamp:1  | Entered Level 1 of the Swamp
 32804 | Swamp:2  | Found a transporter.
 32806 | Swamp:2  | Noticed Aldia's ghost (adept TrCK)
 32813 | Swamp:2  | Found a transporter.
 34055 | Swamp:4  | Entered Level 4 of the Swamp
 34071 | Swamp:3  | Reached skill level 5 in Evocations
 34421 | Swamp:4  | Noticed a tentacled monstrosity
 34422 | Swamp:4  | Noticed Nikola
 34503 | Swamp:3  | Killed a tentacled monstrosity
 34504 | Swamp:3  | Reached skill level 17 in Unarmed Combat
 34715 | Swamp:3  | Killed Nikola
 35064 | Swamp:4  | Paralysed by something for 5 turns
 35370 | Swamp:4  | Reached XP level 18. HP: 130/163 MP: 13/21
 35633 | Swamp:4  | Got a decaying rune of Zot
 35719 | Swamp:4  | Found a runed translucent door.
 35720 | Swamp:4  | Identified the +3 spear of Anger {flame, Str+5 SInv}
 35721 | Swamp:4  | Noticed hackum's ghost (adept TrFi)
 35721 | Swamp:4  | Noticed a tentacled monstrosity
 35878 | Swamp:4  | Killed a tentacled monstrosity
 35885 | Swamp:4  | Killed hackum's ghost
 36219 | Vaults:1 | Entered Level 1 of the Vaults
 37005 | Vaults:1 | Reached skill level 10 in Evocations
 37041 | Vaults:1 | Identified the +1 dagger of Impermanence {elec, Will+
                  | Dex+3}
 37079 | Vaults:1 | Reached skill level 18 in Unarmed Combat
 37374 | Vaults:2 | Identified the +1 cloak of Gluttony {rC+ Regen+}
 37541 | Vaults:2 | Reached skill level 15 in Dodging
 38244 | Vaults:2 | Reached XP level 19. HP: 170/170 MP: 20/22
 38416 | Vaults:2 | Found a staircase to the Crypt.
 38563 | Vaults:2 | Found Alajom's Armour Shoppe.
 38928 | Vaults:3 | Paralysed by a great orb of eyes for 4 turns
 39206 | Vaults:3 | Noticed Margery
 39218 | Vaults:3 | Killed Margery
 39254 | Vaults:3 | Reached skill level 19 in Unarmed Combat
 39876 | Abyss:3  | Cast into level 3 of the Abyss (a wizard)
 39922 | Abyss:3  | Paralysed by accursed screaming for 2 turns
 40421 | Abyss:3  | Gained mutation: You sometimes lose your temper in combat.
                  | [a neqoxec]
 40422 | Abyss:3  | Gained mutation: Your body sometimes deteriorates upon
                  | taking damage. [a neqoxec]
 40441 | Abyss:3  | Lost mutation: You sometimes lose your temper in combat.
                  | [potion of mutation]
 40441 | Abyss:3  | Lost mutation: Your body sometimes deteriorates upon taking
                  | damage. [potion of mutation]
 40441 | Abyss:3  | Gained mutation: You have a pair of small horns on your
                  | head. [potion of mutation]
 40441 | Abyss:3  | Gained mutation: You have sharp toenails. [potion of
                  | mutation]
 40441 | Abyss:3  | Gained mutation: You are frail. (-10% HP) [potion of
                  | mutation]
 40466 | Abyss:3  | Reached skill level 20 in Unarmed Combat
 40471 | Abyss:3  | Noticed a bone dragon
 40486 | Abyss:3  | Killed a bone dragon
 40516 | Abyss:3  | Noticed a bone dragon
 40530 | Abyss:3  | Killed a bone dragon
 40601 | Vaults:4 | Escaped the Abyss
 40614 | Vaults:4 | Reached XP level 20. HP: 165/165 MP: 24/24
 41015 | Vaults:4 | Noticed Frederick
 41022 | Vaults:4 | Killed Frederick
 41492 | Vaults:4 | Identified the +4 spear of True Grit {elec, rCorr}
 41608 | Vaults:5 | Entered Level 5 of the Vaults
 41632 | Vaults:5 | Noticed a dread lich
 41723 | Vaults:4 | Killed a dread lich
 41761 | Vaults:5 | Noticed a golden dragon
 41783 | Vaults:4 | Killed a golden dragon
 41786 | Vaults:4 | Reached skill level 15 in Shields
 41895 | Vaults:5 | Noticed Sojobo
 41942 | Vaults:5 | HP: 5/211 [deep elf high priest/a malign offering (7)]
 41942 | Vaults:5 | Killed from afar by a sphinx

Illustrated notes

Levels and vault maps discovered:
D:1:      zelgadis_glass_arrival_small, layout_basic,
          dreamdust_ecumenical_altar_drowned_temple
D:2:      layout_loops_ring, minmay_lizard_pond, uniq_robin
D:3:      layout_basic
D:4:      layout_loops_ring, kiku_gazebo_garden_becter,
          nicolae_sif_muna_little_library, kennysheep_mini_moat,
          minmay_temple_entry_butterflies
D:5:      layout_basic, good_gods_temple_1, fedhas_altar_2, grunt_ministairs_6
D:6:      layout_rooms, uniq_sigmund, uniq_grinder, uniq_duvessa,
          uniq_eustachio, uniq_pikel
D:7:      layout_loops_ring, nicolae_wu_jian_glorious_leap,
          vehumet_altar_wand_db, chequers_big_river
D:8:      layout_basic, mainiacjoe_overflow_boulevard,
          gammafunk_temple_overflow_statue, lemuel_tele_altar,
          nzn_ghost_randoct, nicolae_ossuary_entry_plus,
          nicolae_inconvenience_store, minmay_fire_ice_demons
D:9:      layout_irregular_city, mainiacjoe_overflow_small_starburst,
          lightli_bailey_entry_fortress
D:10:     minmay_diamond_stairs, layout_irregular_city, erik_lair_dragon,
          orc_0_dummy, hex_large, minmay_crystal_water, skrybe_limestone_x,
          nicolae_stop_n_shop_2, lemuel_flamethrower_hall
D:11:     layout_rooms, serial_curves, eino_curves_03, eino_curves_03
D:12:     layout_basic, minmay_misc_feat_rows, uniq_maurice, uniq_nergalle,
          uniq_josephine, uniq_snorg
D:13:     layout_cave_pools, david_vaults_2, uniq_lodul, uniq_erolcha,
          uniq_nessos
D:14:     minmay_the_grid_octo_tiled_squarecenter
          [minmay_the_grid_octo_thin_diamonds, minmay_the_grid_octo_chip,
          minmay_the_grid_octo_fan_narrow, minmay_the_grid_octo_empty,
          minmay_the_grid_square_5x5_megaprize_checkered,
          minmay_the_grid_square_5x5_bracketed,
          minmay_the_grid_square_5x5_hourglass,
          minmay_the_grid_square_5x5_slash, minmay_the_grid_square_5x5_dogpile],
          layout_layer_cave
D:15:     gammafunk_depths_entry_grave, layout_gridville, elyvilon_altar_5
Lair:1:   layout_roguey, portal_ice_cave_entry_ice_simulacra,
          beast_lair_carwin_2, grunt_megastairs_4, infiniplex_staircase_pool,
          lemuel_fruit_tree, uniq_erica
Lair:2:   layout_concentric_octagons, swamp_mist, guppyfry_snake_entry_island
Lair:3:   layout_roguey
Lair:4:   layout_hall_layers, grunt_megastairs_2
Lair:5:   hangedman_lair_in_review, layout_regular_city, wormcave,
          minmay_slime_entry_pillars
Swamp:1:  layout_falls_marsh, nicolae_swamp_dense_foliage
Swamp:2:  layout_falls_marsh, gammafunk_ghost_wrathful_warriors,
          hangedman_swamp_cone, nicolae_swamp_nymph_family_reunion
Swamp:3:  layout_basic_swamp, nicolae_swamp_bean_lake
Swamp:4:  byrel_swamp_growth_death_and_undeath, layout_basic_swamp,
          ebering_ghost_funeral_grove, uniq_nikola
Snake:1:  layout_basic, nrook_guardian_serpent_ordinary
Snake:2:  layout_layer_cave, uniq_vashnia, uniq_jorgrun
Snake:3:  layout_grid_shapes, grunt_megastairs_3, serial_bayou_shore_b,
          minmay_shoptagon, serial_bayou_shore_a
Snake:4:  grunt_snake_rune_pools, layout_basic,
          nicolae_snake_guarding_the_ruins, grunt_megastairs_5
Orc:1:    layout_caves, kennysheep_orc_chapel
Orc:2:    grunt_orc_community_town_hall, layout_caves,
          grunt_orc_community_big_house_2, grunt_orc_community_big_house_1,
          grunt_orc_community_house_2, grunt_orc_community_house_3,
          grunt_orc_community_house_1, grunt_orc_community_house_3,
          grunt_orc_community_house_1, grunt_orc_community_house_1,
          serial_shops, shop
Vaults:1: nicolae_vaults_sightless_eye, hangedman_vaults_nails, v_rooms_4,
          nicolae_vaults_turnstiles, vaults_dpeg_hooks,
          nicolae_vaults_twisting_passages, nicolae_vaults_yaktaur_gun_rack,
          dpeg_vaults_hating_casters, nicolae_vaults_diamond_2,
          vaults_dpeg_ring, layout_vaults_omnicross
Vaults:2: minmay_crypt_entry_necro_gods, nicolae_vaults_triangles,
          grunt_vaults_trifunnel, v_misc_30, nicolae_vaults_little_squares_3,
          nicolae_vaults_little_squares_2, nicolae_vaults_surprise_closet,
          nicolae_vaults_shipping_containers_4, hangedman_vaults_locks,
          nicolae_vaults_taking_the_gang_shopping,
          nicolae_vaults_variable_pillar_hall, nicolae_vaults_diamond_1,
          layout_vaults_omnibox
Vaults:3: nicolae_vaults_shipping_containers_6, ontoclasm_vaults_claustrophobia,
          nicolae_vaults_trapezoid_1, nicolae_vaults_storage_room_doors,
          nicolae_vaults_network_quinsquares
          [nicolae_vaults_network_quincunx_subvault,
          nicolae_vaults_network_quincunx_subvault,
          nicolae_vaults_network_quincunx_subvault,
          nicolae_vaults_network_quincunx_subvault], vaults_room_grid,
          grunt_vaults_hallway_long, layout_vaults_maze_snakey, uniq_margery,
          uniq_saint_roka
Vaults:4: nicolae_vaults_tetromino_Z_2, nicolae_vaults_disjoint_gnomons,
          ontoclasm_vaults_eye, vaults_room_glass_cross, v_misc_2,
          vaults_mumra_hexcomb, vaults_dpeg_spiral,
          nicolae_vaults_tetromino_T_1, nicolae_vaults_angled_halls,
          nicolae_vaults_little_squares_6, vaults_dpeg_encased_lava,
          nicolae_vaults_little_squares_2, nicolae_vaults_little_squares_1,
          layout_vaults_big_room, uniq_frederick
Vaults:5: serial_shops, uniq_sojobo

Skill      XL: |  1  2  3  4  5  6  7  8  9 10 11 12 13 14 15 16 17 18 19 20 |
---------------+-------------------------------------------------------------+-----
Fighting       | 1 2 3 5 6 8 9 10 12 15 17 | 17.0
Unarmed Combat | 3 4 5 6 7 10 11 13 15 17 18 20 | 20.0
Shapeshifting  | 3 4 5 6 7 9 10 13 15 | 15.0
Evocations     | 2 7 10 | 10.0
Shields        | 2 4 8 10 11 15 | 15.2
Dodging        | 10 14 16 | 16.0

Action                     |  1- 3 |  4- 6 |  7- 9 | 10-12 | 13-15 | 16-18 | 19-21 || total
---------------------------+-------+-------+-------+-------+-------+-------+-------++-------
  Melee: Unarmed           |   144 |   137 |   440 |   579 |  1373 |  1509 |   870 ||  5052
         Constrict         |       |       |       |    48 |   114 |       |       ||   162
         Kick              |       |       |       |       |       |       |   186 ||   186
         Headbutt          |       |       |       |       |       |       |   132 ||   132
Ability: Begin Untransform |       |       |       |       |     1 |       |       ||     1
  Evoke: Wand              |       |       |     4 |     6 |       |       |     2 ||    12
         Condenser vane    |       |       |       |       |     1 |       |       ||     1
    Use: Potion            |     1 |     3 |     2 |    11 |     2 |     1 |     2 ||    22
         Scroll            |       |     5 |     9 |    11 |    12 |     9 |     7 ||    53
   Stab: Sleeping          |     2 |       |       |       |    10 |       |     2 ||    14
         Distracted        |       |       |       |     1 |     3 |       |     1 ||     5
         Paralysed         |       |       |       |       |     2 |       |       ||     2
         Petrified         |       |       |       |       |     1 |       |       ||     1
         Confused          |       |       |       |       |       |     2 |       ||     2
 Armour: Animal skin       |    22 |       |       |       |       |       |       ||    22
         Skin              |    34 |       |       |   136 |   864 |  1149 |   380 ||  2563
         Ring mail         |     1 |    35 |   153 |   100 |       |       |       ||   289
  Dodge: Dodged            |   106 |    36 |   117 |   274 |  1267 |  1662 |   790 ||  4252
  Block: Tower shield      |       |    73 |   290 |   278 |  1387 |  3098 |  1494 ||  6620
   Form: Anaconda          |       |       |       |     1 |       |       |       ||     1
         Statue            |       |       |       |       |     2 |       |       ||     2

Table legend: (Time is in decaauts)
 A = Elapsed time spent in this place.
 B = Non-inter-level travel time spent in this place.
 C = Inter-level travel time spent in this place.
 D = Time resting spent in this place.
 E = Time spent auto-exploring this place.
 F = Levels seen in this place.
 G = Mean time per level.
                   A        B        C        D        E       F      G
               +--------+--------+--------+--------+--------+-----+--------+
         Total |  52564 |  49400 |   3164 |  10675 |  26007 |  39 | 1347.8 |
       Dungeon |  19770 |  18075 |   1695 |   2889 |  11479 |  15 | 1318.0 |
          Lair |   7009 |   6392 |    617 |   2265 |   2937 |   5 | 1401.8 |
         Swamp |   6403 |   6193 |    210 |   2008 |   2764 |   4 | 1600.8 |
     Snake Pit |   6123 |   5832 |    291 |   1141 |   2918 |   4 | 1530.8 |
  Orcish Mines |   2646 |   2549 |     97 |    433 |   1332 |   2 | 1323.0 |
        Vaults |   7210 |   6959 |    251 |    712 |   4273 |   5 | 1442.0 |
         Abyss |    988 |    988 |      0 |      0 |     46 |   1 |  988.0 |
       Ossuary |    209 |    209 |      0 |      0 |     72 |   1 |  209.0 |
        Bailey |    866 |    866 |      0 |    321 |     99 |   1 |  866.0 |
      Ice Cave |   1337 |   1337 |      0 |    904 |     84 |   1 | 1337.0 |
               +--------+--------+--------+--------+--------+-----+--------+

Top non-repeatable levels by time:
    D:14: 4178 daAuts
  Lair:5: 2681 daAuts
 Swamp:3: 2330 daAuts
 Snake:4: 2119 daAuts
   Orc:2: 2088 daAuts
Vaults:4: 2041 daAuts
    D:10: 1954 daAuts
Vaults:2: 1952 daAuts
Vaults:1: 1804 daAuts
 Swamp:4: 1771 daAuts
 Snake:3: 1759 daAuts
 Swamp:2: 1555 daAuts
  Lair:1: 1532 daAuts
     D:8: 1496 daAuts
   IceCv: 1337 daAuts
